 Dungeon Crawl Stone Soup version 0.22-a0-422-g9628fc8 (webtiles) character file.

141 Jinx the Grave Robber (level 5, -11/41 HPs)
             Began as a Mummy Necromancer on May 16, 2018.
             Mangled by an ogre
             ... wielding a +0 giant club
              (25 damage)
             ... on level 3 of the Dungeon.
             The game lasted 00:09:34 (3644 turns).

Jinx the Grave Robber (Mummy Necromancer)           Turns: 3644, Time: 00:09:35

Health: -11/41     AC:  3    Str: 11    XL:     5   Next: 3%
Magic:  1/9        EV: 12    Int: 16    God:
Gold:   155        SH:  0    Dex: 12    Spells: 1/9 levels left

rFire    x . .     SeeInvis .   l - +0 flail
rCold    + . .     Gourm    .   (no shield)
rNeg     + + +     Faith    .   a - +0 robe
rPois    ∞         Spirit   .   c - +0 helmet (curse)
rElec    .         Reflect  .   (no cloak)
rCorr    .         Harm     .   (no gloves)
MR       .....                  (no boots)
Stlth    ++........             e - amulet of rage
HPRegen  0.13/turn              d - ring of positive energy
MPRegen  0.11/turn              (no ring)

@: no status effects
A: no food or potions, fire vulnerability, cold resistance 1, negative energy
resistance 3, torment resistance, unbreathing
a: no special abilities


You were on level 3 of the Dungeon.
You were not hungry.

You visited 1 branch of the dungeon, and saw 4 of its levels.

You collected 155 gold pieces.

Inventory:

Hand Weapons
 k - a +0 falchion
 l - a +0 flail (weapon)
Armour
 a - a +0 robe (worn)
 c - a cursed +0 helmet (worn)
Jewellery
 d - a ring of positive energy (left hand)
 e - an amulet of rage (around neck)
 m - a cursed ring of teleportation {unknown}
Scrolls
 b - a scroll of noise {unknown}
 f - 2 scrolls of amnesia {unknown}
 g - 2 scrolls of teleportation {unknown}
 h - a scroll of remove curse {unknown}
 i - a scroll of enchant armour {unknown}
 j - a scroll of fear {unknown}


   Skills:
 + Level 3.1 Fighting
 + Level 0.3 Maces & Flails
 - Level 1.5 Dodging
 - Level 1.5 Stealth
 - Level 2.6 Spellcasting
 + Level 5.2 Necromancy


You had one spell level left.
You knew the following spells:

 Your Spells              Type           Power        Failure   Level  Hunger
a - Pain                  Necr           ###.         2%          1    N/A
b - Vampiric Draining     Necr           ###.......   7%          3    N/A
c - Animate Dead          Necr           N/A          22%         4    N/A

Your spell library contained the following spells:

 Spells                   Type           Power        Failure   Level  Hunger
 Animate Skeleton         Necr           N/A          2%          1    N/A
 Regeneration             Chrm/Necr      ##........   21%         3    N/A

Dungeon Overview and Level Annotations

Branches:
Dungeon (4/15)
 Temple: D:4-7

Altars:
Fedhas
Makhleb
Okawaru


Innate Abilities, Weirdness & Mutations

You do not eat or drink.
Your flesh is vulnerable to fire.
You are immune to poison.
Your flesh is cold resistant. (rC+)
You are immune to negative energy. (rN+++)
You are immune to unholy pain and torment.
You can survive without breathing.


Message History

There is a stone staircase leading up here.
The ogre misses you.
You climb upwards.
There is a stone staircase leading down here.
There is a stone staircase leading down here.
Casting: Pain (safe; 2% risk of failure)
Confirm with . or Enter, or press ? or * to list all spells.
Aiming: Vampiric Draining (safe; 7% risk of failure)
Press: ? - help, Shift-Dir - straight line, f - ogre
Aim: an ogre, wielding a giant club (moderately wounded)
The ogre is severely wounded.
You feel life coursing into your body. The ogre closely misses you.
Casting: Vampiric Draining (safe; 7% risk of failure)
Confirm with . or Enter, or press ? or * to list all spells.
Aiming: Pain (safe; 2% risk of failure)
Press: ? - help, Shift-Dir - straight line, f/p - ogre
Aim: an ogre, wielding a giant club (severely wounded, chance to defeat MR: 78%)
The ogre writhes in agony!
The ogre hits you with a giant club!!
Ouch! That really hurt!
You die...

......(....##..........#
###)####.#.###.#######.#
###.# #.#.#...## #.#
....####....###.#
#.######## ..(....#..#.#
#.# #.......[#
######......###.#
#.######.# #.###.#...##
#.# #.# #.#
#.....#######.# #.#
#.###.##...@O.....# #.#
#######...###.#.##.###.#
#.### .........##
#.#.##.# #.## #...#
########## #......#
#..#######.# ###.####
####...###.# #.#
##.....##.# #.#
#.......#.# #.#
#..._...#.# #.###
#.!.....#.#


You could see an ogre.

Vanquished Creatures
  3 gnolls (D:3)
  5 adders
  A worm (D:2)
  A dart slug (D:2)
  A leopard gecko (D:4)
  4 orcs (D:3)
  6 bats
  2 giant cockroaches
  3 goblins
  8 hobgoblins
  10 jackals (D:1)
  3 kobolds
  2 ball pythons
  2 frilled lizards (D:2)
  6 rats
57 creatures vanquished.

Notes
Turn   | Place    | Note
-------+----------+-------------------------------------------
     0 | D:1      | Jinx the Mummy Necromancer began the quest for the Orb.
     0 | D:1      | Reached XP level 1. HP: 13/13 MP: 4/4
   149 | D:1      | Reached skill level 1 in Fighting
   240 | D:1      | Reached XP level 2. HP: 21/21 MP: 1/5
   997 | D:1      | Reached XP level 3. HP: 20/27 MP: 0/7
  1669 | D:2      | Reached XP level 4. HP: 34/34 MP: 1/8
  1674 | D:2      | Found a burning altar of Makhleb.
  2633 | D:3      | Found an iron altar of Okawaru.
  2667 | D:3      | Reached skill level 5 in Necromancy
  3418 | D:3      | Found a blossoming altar of Fedhas.
  3492 | D:4      | Learned a level 3 spell: Vampiric Draining
  3497 | D:4      | Learned a level 4 spell: Animate Dead
  3533 | D:4      | Reached XP level 5. HP: 41/41 MP: 3/9
  3547 | D:4      | Noticed an ogre
  3644 | D:3      | Mangled by an ogre

Vault maps used:
D:1:      minmay_arrival_arboretum_small, roderic_lattice_a, interstate_on_off,
          kennysheep_small_spiral
D:2:      makhleb_grotto_becter
D:3:      lemuel_round_altar, nicolae_overflow_hidden_temple
D:4:      minmay_temple_entry_grid

Skill      XL: |  1  2  3  4 |
---------------+-------------+-----
Fighting       | 1 2 3 |  3.1
Necromancy     | 5 |  5.2
Maces & Flails | |  0.3
Dodging        | |  1.5
Stealth        | |  1.5
Spellcasting   | |  2.6

Action                   |  1- 3 |  4- 6 || total
-------------------------+-------+-------++-------
Melee: Unarmed           |    36 |     3 ||    39
 Cast: Pain              |    73 |    57 ||   130
       Vampiric Draining |       |     1 ||     1
Armor: Robe              |    24 |     1 ||    25
Dodge: Dodged            |    59 |    15 ||    74

Table legend:
 A = Spawn XP
 B = Non-spawn XP
 C = Spawn XP percentage of total XP
 D = Spawn monster count
 E = Non-spawn monster count
 F = Spawn count percentage of total count
 G = Total turns spent on level
                    A         B        C        D         E        F      G
               +---------+---------+-------+---------+---------+-------+---------
         Total |       0 |     202 |   0.0 |       0 |      57 |   0.0 |  3644
               +---------+---------+-------+---------+---------+-------+---------
           D:1 |       0 |      45 |   0.0 |       0 |      25 |   0.0 |  1271
           D:2 |       0 |      62 |   0.0 |       0 |      15 |   0.0 |  1421
           D:3 |       0 |      77 |   0.0 |       0 |      14 |   0.0 |   794
           D:4 |       0 |      18 |   0.0 |       0 |       3 |   0.0 |   158
               +---------+---------+-------+---------+---------+-------+---------
